 Dungeon Crawl Stone Soup version 0.31-a0-931-g7b59d4eb97 (webtiles) character file.

Game seed: 1407912675532967356

259 IdlyInterested the Cutter (level 5, -5/61 HPs)
             Began as a Demonspawn Fighter on Oct 19, 2023.
             Killed by divine providence
             ... invoked by an orc priest
              (8 damage)
             ... on level 4 of the Dungeon.
             The game lasted 00:08:00 (3041 turns).

IdlyInterested the Cutter (Demonspawn Fighter)      Turns: 3041, Time: 00:08:00

Health: -5/61      AC: 16    Str: 16    XL:     5   Next: 94%
Magic:  8/8        EV:  6    Int: 12    God:
Gold:   140        SH:  4    Dex: 12    Spells: 8/8 levels left

rFire   . . .        n - +2 flail (drain)
rCold   . . .        c - +0 buckler
rNeg    . . .        o - +0 chain mail
rPois   .            p - +0 helmet
rElec   .            (no cloak)
rCorr   .            (no gloves)
SInv    .            (no boots)
Will    .....        (no amulet) Stlth
                     w - +4 ring of protection
HPRegen 1.30/turn    (no ring)
MPRegen 0.22/turn

%: no passive effects
@: berserking, lethally poisoned (-5 -> -5), hasted, very quick
A: icy blue scales 1, powered by death 1, magic regeneration
a: no special abilities


You were on level 4 of the Dungeon.
You visited 1 branch of the dungeon, and saw 4 of its levels.

You collected 140 gold pieces.

Inventory:

Hand Weapons
 a - a +0 rapier
 g - a +2 dagger of protection
 n - a +2 flail of draining (weapon)
Missiles
 e - 17 stones (quivered)
 t - 13 poisoned darts
Armour
 b - a +0 scale mail
 c - a +0 buckler (worn)
 j - a +0 leather armour
 o - a +0 chain mail (worn)
 p - a +0 helmet (worn)
Jewellery
 w - a +4 ring of protection (left hand)
Talismans
 u - a flux talisman
Scrolls
 f - a scroll of enchant weapon {unknown}
 h - a scroll of identify {unknown}
 i - a scroll of fear {unknown}
 m - a scroll of amnesia
 r - 2 scrolls of teleportation
 s - a scroll of summoning {unknown}
 v - a scroll of noise {unknown}
Potions
 d - 2 potions of might
 l - 2 potions of magic


   Skills:
 - Level 3.0 Fighting
 * Level 4.8 Short Blades
 - Level 3.0 Armour
 - Level 3.0 Shields
 + Level 2.2 Spellcasting


You had 8 spell levels left.
You didn't know any spells.
Your spell library contained the following spells:

 Spells                   Type           Power      Damage    Failure   Level
 Blink                    Tloc           2%         N/A       100%        2
 Frozen Ramparts          Ice            2%         1d1       100%        3
 Ozocubu's Armour         Ice            1%         N/A       100%        3
 Manifold Assault         Tloc           1%         N/A       100%        4
 Petrify                  Tmut/Erth      1%         N/A       100%        4
 Metabolic Englaciation   Hex/Ice        0%         N/A       100%        5
 Ozocubu's Refrigeration  Ice            0%         4d7       100%        7


Dungeon Overview and Level Annotations

Branches:
Dungeon (4/15)
 Temple: D:4-7

Altars:

Shops:
D:3 :


Innate Abilities, Weirdness & Mutations

You are partially covered in icy blue scales. (AC +2)
You regenerate a little health from kills.
You regenerate magic rapidly.


Message History

The orc priest is healed somewhat.
The orc priest barely misses you.
You hit the orc priest.
The orc priest is almost dead.
The orc priest looks satisfied for a moment.
The orc priest invokes the aid of Beogh against you.
Pain shoots through your body!
* * * LOW HITPOINT WARNING * * *
Unknown command.
You closely miss the orc priest.
The orc priest is almost dead.
The orc priest hits you but does no damage.
You hit the orc priest.
You kill the orc priest!
Something hits you but does no damage.
You are lethally poisoned!
The orc priest calls down the wrath of Beogh upon you.
Something writhes in agony!
It was a potion of haste.
You feel yourself speed up.
* * * LOW HITPOINT WARNING * * *
You feel sick.
You hear some strange, mumbled words.
A puff of flame appears from out of thin air!
The puff of flame hits you but does no damage.
It was a potion of berserk rage.
A red film seems to cover your vision as you go berserk!
You feel yourself moving faster!
You feel mighty!
You feel sick.
You closely miss something.
You feel sick.
The orc priest looks satisfied for a moment.
You hear some strange, mumbled words.
Something tries to affect you, but you resist.
You thump something!
Reactivating autopickup.
You feel a bit more experienced.
You feel sick.
The orc priest calls down the wrath of Beogh upon you.
Pain shoots through your body!
* * * LOW HITPOINT WARNING * * *
You feel sick.
The orc priest calls down the wrath of Beogh upon you.
Beogh smites you!
You die...

........###....
#.............#
..............#
.....{........##
................###
.......$### ...
.....##...## #.# ...
###..#####.# .
##..o@...# ##..#######.#
#..#.......# #######
#####...>...... ......#
#.....#.######
......###...###.^.######
..........# #..........
......###### #...#######
....<......# #####


You could see an orc priest.

Vanquished Creatures
  An ogre (D:4)
  An orc priest (D:4)
  2 orc wizards
  Robin (D:2)
  2 adders (D:2)
  4 dart slugs
  2 orcs (D:3)
  7 endoplasms
  3 giant cockroaches
  13 goblins
  6 hobgoblins
  7 jackals (D:2)
  8 kobolds
  4 quokkas
  4 ball pythons
  3 bats
  A frilled lizard (D:1)
  2 rats
71 creatures vanquished.

Notes
Turn   | Place    | Note
-------+----------+-------------------------------------------
     0 | D:1      | IdlyInterested the Demonspawn Fighter began the quest for
                  | the Orb.
     0 | D:1      | Reached XP level 1. HP: 18/18 MP: 1/1
    22 | D:1      | Reached skill level 2 in Short Blades
   444 | D:1      | Found a faded altar of an unknown god.
   491 | D:1      | Gained mutation: You regenerate magic rapidly. [demonic
                  | ancestry]
   491 | D:1      | Reached XP level 2. HP: 24/24 MP: 2/2
   838 | D:2      | Gained mutation: You are partially covered in icy blue
                  | scales. (AC +2) [demonic ancestry]
   838 | D:2      | Reached XP level 3. HP: 27/29 MP: 3/3
   848 | D:2      | Reached skill level 3 in Short Blades
  1306 | D:2      | Reached XP level 4. HP: 35/35 MP: 4/4
  1470 | D:2      | Noticed Robin
  1478 | D:2      | Killed Robin
  1493 | D:2      | Reached skill level 1 in Spellcasting
  1987 | D:3      | Found Laro's Vocational Training.
  2258 | D:3      | Reached skill level 4 in Short Blades
  2795 | D:4      | Gained mutation: You regenerate a little health from kills.
                  | [demonic ancestry]
  2795 | D:4      | Reached XP level 5. HP: 37/41 MP: 7/7
  2914 | D:4      | Noticed an ogre
  2929 | D:4      | Killed an ogre
  3040 | D:4      | HP: 3/61 [orc priest/nerve-wracking pain (5)]
  3041 | D:4      | Killed from afar by an orc priest

Illustrated notes

Levels and vault maps discovered:
D:1:      shiori_shiawase, layout_basic, dilly_ecumenical_altar_fadedgnrine,
          minmay_pentomino_z4
D:2:      layout_basic, uniq_robin
D:3:      layout_basic, nicolae_shop_vocational
D:4:      layout_rooms, gammafunk_temple_overflow_wave

Skill      XL: |  1  2  3  4  5 |
---------------+----------------+-----
Short Blades   | 2 3 4 |  4.8
Armour         | 3 |  3.0
Shields        | 3 |  3.0
Spellcasting   | 1 2 |  2.2
Fighting       | |  3.0

Action                     |  1- 3 |  4- 6 || total
---------------------------+-------+-------++-------
  Melee: Rapier            |   103 |       ||   103
         Flail             |    14 |    84 ||    98
  Throw: Stone             |     1 |     4 ||     5
    Use: Potion            |     1 |     4 ||     5
         Scroll            |       |     2 ||     2
 Armour: Scale mail        |    71 |       ||    71
         Chain mail        |       |    80 ||    80
  Dodge: Dodged            |    45 |    25 ||    70
  Block: Buckler           |    23 |    26 ||    49

Table legend: (Time is in decaauts)
 A = Elapsed time spent in this place.
 B = Non-inter-level travel time spent in this place.
 C = Inter-level travel time spent in this place.
 D = Time resting spent in this place.
 E = Time spent auto-exploring this place.
 F = Levels seen in this place.
 G = Mean time per level.
                   A        B        C        D        E       F      G
               +--------+--------+--------+--------+--------+-----+--------+
         Total |   3095 |   2564 |    531 |    206 |   1648 |   4 |  773.8 |
       Dungeon |   3095 |   2564 |    531 |    206 |   1648 |   4 |  773.8 |
               +--------+--------+--------+--------+--------+-----+--------+

Top non-repeatable levels by time:
     D:2: 1079 daAuts
     D:3: 957 daAuts
     D:1: 864 daAuts
     D:4: 193 daAuts
